 Dungeon Crawl Stone Soup version 0.23-a0-54-gae6112e (webtiles) character file.

609 MovingMist the Ducker (level 7, -5/54 HPs)
             Began as a Demonspawn Gladiator on Aug 8, 2018.
             Slain by an iguana (11 damage)
             ... on level 4 of the Dungeon.
             The game lasted 00:07:24 (4158 turns).

MovingMist the Ducker (Demonspawn Gladiator)        Turns: 4158, Time: 00:07:25

Health: -5/54      AC:  8    Str: 14    XL:     7   Next: 19%
Magic:  7/7        EV: 14    Int: 10    God:
Gold:   115        SH:  0    Dex: 16    Spells: 6/6 levels left

rFire    . . .     SeeInvis .   a - +0 long sword
rCold    . . .     Gourm    .   (no shield)
rNeg     . . .     Faith    .   n - +0 ring mail (curse)
rPois    .         Spirit   .   (helmet restricted)
rElec    .         Reflect  .   g - +0 cloak
rCorr    .         Harm     .   (no gloves)
MR       .....                  u - +1 pair of boots
Stlth    +.........             (no amulet)
HPRegen  0.18/turn              (no ring)
MPRegen  0.10/turn              (no ring)

@: no status effects
A: antennae 2, claws 1, hooves 1
a: no special abilities


You were on level 4 of the Dungeon.
You were not hungry.

You visited 1 branch of the dungeon, and saw 4 of its levels.

You collected 192 gold pieces.
You spent 77 gold pieces at shops.

Inventory:

Hand Weapons
 a - a +0 long sword (weapon)
Missiles
 d - 3 throwing nets (quivered)
Armour
 c - a +0 helmet
 g - a +0 cloak (worn)
 j - a +0 pair of boots
 n - a cursed +0 ring mail (worn)
 u - a +1 pair of boots (worn)
Jewellery
 k - an uncursed ring of wizardry
 o - an uncursed ring of ice
 y - an uncursed ring of see invisible {unknown}
Scrolls
 b - a scroll of amnesia {unknown}
 i - a scroll of enchant weapon {unknown}
 p - 3 scrolls of remove curse
 r - a scroll of fear {unknown}
 s - a scroll of enchant armour {unknown}
 x - a scroll of random uselessness {unknown}
Potions
 e - a potion of lignification
 h - 3 potions of curing
 l - a potion of heal wounds {unknown}
 m - 2 potions of haste
 q - a potion of mutation {unknown}
 t - a potion of brilliance {unknown}
 v - 2 potions of might
 z - a potion of flight
Comestibles
 f - 9 rations
 A - 3 chunks of flesh


   Skills:
 + Level 4.3 Fighting
 + Level 4.4 Long Blades
 - Level 1.7 Throwing
 * Level 5.7 Dodging


You had 6 spell levels left.
You didn't know any spells.
Your spell library was empty.

Dungeon Overview and Level Annotations

Branches:
Dungeon (4/15)
 Temple: D:4-7

Altars:
Xom

Shops:
D:4 !


Innate Abilities, Weirdness & Mutations

You have a pair of antennae on your head.
You have sharp fingernails.
You have large cloven feet.


Message History

The iguana bites you.
You are too injured to fight recklessly!
You are too injured to fight recklessly!
You are too injured to fight recklessly!
You barely miss the iguana.
The iguana is heavily wounded.
The iguana closely misses you.
You riposte.
You barely miss the iguana.
The iguana is heavily wounded.
You hit the iguana but do no damage.
The iguana is heavily wounded.
The iguana bites you!
* * * LOW HITPOINT WARNING * * *
You hit the iguana.
The iguana is heavily wounded.
The iguana bites you!
* * * LOW HITPOINT WARNING * * *
You barely miss the iguana.
The iguana is heavily wounded.
The iguana bites you!
You die...

#.# #.# #.######
........ #####
#.###### ...# #.#
###
###.#########.####..
#.......[.......##.#
#.l@†..######.......
.........<.#
#....#.#
###>......##
#......# #.......#
#[##.### #....#..#
#.##.# ##$#.#..#
#.##.# ######.#
#....#... ..##.#
.......# #.#######=
# #.# ######## #...
#.#


You could see an iguana.

Vanquished Creatures
  A phantom (D:4)
  A black bear (D:4)
  An ogre (D:2)
  A bullfrog (D:4)
  A crimson imp (D:4)
  Crazy Yiuf (D:2)
  A centaur skeleton (D:4)
  A worker ant (D:4)
  3 gnolls (D:2)
  6 adders
  An ooze (D:3)
  4 worms
  2 dart slugs (D:1)
  3 leopard geckos
  4 orcs
  A ball python (D:2)
  4 giant cockroaches
  3 goblins
  10 hobgoblins
  2 jackals (D:2)
  8 bats
  4 frilled lizards
  2 kobolds (D:2)
  7 rats
72 creatures vanquished.

Notes
Turn   | Place    | Note
-------+----------+-------------------------------------------
     0 | D:1      | MovingMist the Demonspawn Gladiator began the quest for the Orb.
     0 | D:1      | Reached XP level 1. HP: 16/16 MP: 1/1
   274 | D:1      | Reached skill level 3 in Dodging
   274 | D:1      | Gained mutation: You have large cloven feet. [demonic ancestry]
   274 | D:1      | Reached XP level 2. HP: 22/22 MP: 2/2
   909 | D:2      | Gained mutation: You have a pair of small antennae on your head. [demonic ancestry]
   909 | D:2      | Reached XP level 3. HP: 28/28 MP: 3/3
  1222 | D:2      | Found a runed door.
  1226 | D:2      | Noticed Crazy Yiuf
  1234 | D:2      | Killed Crazy Yiuf
  1234 | D:2      | Reached XP level 4. HP: 15/34 MP: 4/4
  1812 | D:2      | Reached skill level 4 in Dodging
  2341 | D:2      | Noticed an ogre
  2352 | D:2      | Killed an ogre
  2352 | D:2      | Gained mutation: You have a pair of antennae on your head. [demonic ancestry]
  2352 | D:2      | Reached XP level 5. HP: 28/41 MP: 5/5
  2822 | D:3      | Found a shimmering altar of Xom.
  3153 | D:4      | Noticed a black bear
  3156 | D:4      | Reached XP level 6. HP: 47/47 MP: 6/6
  3170 | D:4      | Reached skill level 5 in Dodging
  3354 | D:4      | Found Zedd's Distillery.
  3924 | D:4      | Gained mutation: You have sharp fingernails. [demonic ancestry]
  3924 | D:4      | Reached XP level 7. HP: 25/54 MP: 7/7
  3972 | D:4      | Got a slimy robe
  3996 | D:4      | Bought a potion of flight for 33 gold pieces
  3996 | D:4      | Bought a potion of might for 44 gold pieces
  4110 | D:4      | Identified the +2 robe of Claustrophobia {rPois Str-4 Int+4 Dex+4} (You found it on level 4 of the Dungeon)
  4158 | D:4      | Slain by an iguana

Vault maps used:
D:1:      nagdon_arrival_double_spiral
D:2:      minivault_27, uniq_crazy_yiuf_cottage
D:3:      cheibrodos_helix_gallery, xom_teletrap_fun
D:4:      serial_shops, shop

Skill      XL: |  1  2  3  4  5  6 |
---------------+-------------------+-----
Dodging        | 3 4 5 |  5.7
Long Blades    | 3 4 |  4.4
Fighting       | 3 4 |  4.3
Throwing       | |  1.7

Action                   |  1- 3 |  4- 6 |  7- 9 || total
-------------------------+-------+-------+-------++-------
Melee: Long sword        |    95 |   207 |    30 ||   332
Throw: Throwing net      |       |     1 |       ||     1
  Use: Scroll            |       |     6 |     1 ||     7
  Eat: Chunk             |     1 |     8 |     2 ||    11
Armor: Leather armour    |    15 |       |       ||    15
       Ring mail         |    24 |    59 |     9 ||    92
Dodge: Dodged            |    68 |   140 |    17 ||   225
       Rpst.: Long sword |    20 |    42 |     8 ||    70

Table legend:
 A = Spawn XP
 B = Non-spawn XP
 C = Spawn XP percentage of total XP
 D = Spawn monster count
 E = Non-spawn monster count
 F = Spawn count percentage of total count
 G = Total turns spent on level
                    A         B        C        D         E        F      G
               +---------+---------+-------+---------+---------+-------+---------
         Total |       0 |     871 |   0.0 |       0 |      72 |   0.0 |  4158
               +---------+---------+-------+---------+---------+-------+---------
           D:1 |       0 |      34 |   0.0 |       0 |      19 |   0.0 |  1086
           D:2 |       0 |     283 |   0.0 |       0 |      26 |   0.0 |  1603
           D:3 |       0 |      55 |   0.0 |       0 |      16 |   0.0 |   824
           D:4 |       0 |     499 |   0.0 |       0 |      11 |   0.0 |   645
               +---------+---------+-------+---------+---------+-------+---------
